 Dungeon Crawl Stone Soup version 0.30.1-9-gdf580d7c3d (webtiles) character file.

Game seed: 11901282846847992619

2156 leafyfresh the Transmogrifier (level 9, -1/60 HPs)
             Began as an Octopode Transmuter on Oct 5, 2023.
             Slain by an orc
             ... wielding a +0 whip
              (6 damage)
             ... on level 6 of the Dungeon.
             The game lasted 00:15:45 (8474 turns).

leafyfresh the Transmogrifier (Octopode Transmuter) Turns: 8474, Time: 00:15:46

Health: -1/60      AC: -2    Str:  9    XL:     9   Next: 31%
Magic:  12/12      EV: 23    Int: 16    God:
Gold:   263        SH:  0    Dex: 21    Spells: 8/12 levels left

rFire   + . .        r - melded +4 quarterstaff (chaos)
rCold   + . .        (shield currently unavailable)
rNeg    . . .        (helmet currently unavailable)
rPois   x            A - amulet of magic regeneration
rElec   .            g - ring of protection from fire
rCorr   .            q - ring of protection from cold
SInv    .            (no ring)
Will    .....        (no ring)
Stlth   ++++         (no ring)
HPRegen 0.30/turn    (no ring)
MPRegen 0.53/turn    (no ring)
                     (no ring)

%: no passive effects
@: spider-form (expiring), corroded
A: venomous fangs, almost no armour, (amphibious), 8 rings, tiny, (camouflage
1), (gelatinous body 1), (nimble swimmer 1), (tentacles)
a: End Transformation


You were on level 6 of the Dungeon.
You were a venomous arachnid creature.
You visited 1 branch of the dungeon, and saw 6 of its levels.
You also visited: Sewer.

You collected 263 gold pieces.

Inventory:

Hand Weapons
 r - a +4 quarterstaff of chaos (melded)
 v - a +3 dagger
Missiles
 i - 2 throwing nets
Jewellery
 g - a ring of protection from fire (left front pincers)
 q - a ring of protection from cold (right front pincers)
 A - an amulet of magic regeneration (around neck)
Wands
 e - a wand of paralysis (8)
 u - a wand of flame (16)
 x - a wand of roots (8)
Scrolls
 b - 3 scrolls of teleportation
 c - 2 scrolls of poison {unknown}
 d - 2 scrolls of blinking {unknown}
 k - a scroll of noise {unknown}
 m - 2 scrolls of fog {unknown}
 p - 3 scrolls of identify {unknown}
 y - a scroll of vulnerability {unknown}
 B - a scroll of enchant weapon {unknown}
 C - a scroll of fear {unknown}
 D - a scroll of brand weapon {unknown}
 E - a scroll of acquirement {unknown}
Potions
 a - 2 potions of lignification
 f - a potion of ambrosia {unknown}
 h - 2 potions of invisibility
 j - 2 potions of degeneration {unknown}
 l - 2 potions of heal wounds {unknown}
 n - a potion of might {unknown}
 o - 2 potions of curing
 F - a potion of attraction {unknown}
 G - a potion of brilliance {unknown}


   Skills:
 + Level 4.8 Fighting
 + Level 5.2 Dodging
 + Level 6.8 Stealth
 - Level 3.0 Unarmed Combat
 - Level 2.0 Spellcasting
 - Level 8.8 Transmutations


You had 8 spell levels left.
You knew the following spells:

 Your Spells              Type           Power      Damage    Failure   Level
a - Beastly Appendage     Tmut           58%        N/A       3%          1
b - Spider Form           Tmut/Pois      15%        N/A       26%         3

Your spell library contained the following spells:

 Spells                   Type           Power      Damage    Failure   Level
 Wereblood                Tmut           29%        N/A       4%          2
 Ice Form                 Ice/Tmut       15%        N/A       56%         4
 Volatile Blastmotes      Fire/Tloc      2%         2d10      73%         3
 Fulminant Prism          Conj/Hex       0%         3d5       97%         4
 Iskenderun's Mystic Bla  Conj/Tloc      1%         2d3       97%         4
 Fireball                 Conj/Fire      0%         3d3       100%        5
 Iskenderun's Battlesphe  Conj           1%         2d6       100%        5
 Lee's Rapid Deconstruct  Erth           0%         3d4*      100%        5
 Conjure Ball Lightning   Conj/Air       0%         3x3d6     100%        6
 Orb of Destruction       Conj           0%         9d5       100%        7


Dungeon Overview and Level Annotations

Branches:
Dungeon (6/15)              Sewer (visited)
 Temple: D:4-7

Altars:
Cheibriados
Elyvilon
Gozag
Makhleb
Ru
Sif Muna
Vehumet
Wu Jian
Xom
Yredelemnul


Innate Abilities, Weirdness & Mutations

You are a venomous arachnid creature.
You have venomous fangs.
You are tiny and dextrous.
Your spellcasting is less reliable in this form.
Your armour is entirely melded.
You are incapable of wielding weapons or throwing items.
You cannot wear most types of armour.
((You are amphibious.))
You can wear up to eight rings at the same time.
((Your skin changes colour to match your surroundings (Stealth+).))
((Your rubbery body absorbs attacks. (AC +1, EV +1)))
((You are camouflaged when in or above water. (Stealth+)))
((You have tentacles for arms and can constrict up to eight enemies at once.))


Message History

The orc hits you with a +0 whip. The orc misses you.
The jelly completely misses you.
You hit the jelly but do no damage.
Your front pincers burn!
The jelly is lightly wounded.
The orc completely misses you. The orc hits you with a +0 club.
The jelly barely misses you.
You hit the jelly but do no damage.
Your front pincers burn!
The jelly is lightly wounded.
The orc hits you with a +0 club. The orc closely misses you.
The jelly completely misses you.
You hit the jelly.
Your front pincers burn!
The jelly is heavily wounded.
The orc barely misses you. The orc closely misses you.
The jelly completely misses you.
Unknown command.
You hit the jelly.
Your front pincers burn!
The jelly is heavily wounded.
The orc completely misses you. The orc misses you.
You hit the jelly.
The jelly is poisoned.
Your front pincers burn!
The jelly is almost dead.
The jelly hits you. The acid corrodes you!
You are splashed with acid.
* * * LOW HITPOINT WARNING * * *
The orc misses you. The orc hits you with a +0 club.
* * * LOW HITPOINT WARNING * * *
You hit the jelly but do no damage.
The jelly looks as sick as possible!
Your front pincers burn!
* * * LOW HITPOINT WARNING * * *
The jelly is almost dead.
The jelly misses you. The orc barely misses you. The orc completely misses you.
Unknown command.
You hit the jelly but do no damage.
The jelly looks as sick as possible!
Your front pincers burn!
* * * LOW HITPOINT WARNING * * *
The jelly is almost dead.
The jelly barely misses you. The orc misses you. The orc completely misses you.
Unknown command.
You hit the jelly.
You kill the jelly!
The orc hits you with a +0 whip.
You die...

..#...............#.....# #.
#.###.............#.[..##....
####.........................
#....#...#....##.........## #
#..####..##...#..##..##.## #
#........##...#..###...##
###.....#..####...## #...#
##...........##...####......
...............)so.......##.
..........#~..#)o#.#......
..........~~~~~....# ... ..
##......#~~~~~~~#......
#.....#..~~~~~~~.......
.........~~~.~~~...#...
.........~~~~~~~..##...
.....<.)#~~~~~~~#... ..
#.........~~~~~...#..


You could see 2 orcs.

Vanquished Creatures
  Prince Ribbit (D:5)
  Sigmund (D:2)
  Eustachio (D:5)
  Menkaure (D:4)
  A sky beast (D:6)
  An ogre (D:5)
  2 phantoms (D:6)
  3 kobold brigands (Sewer)
  A bullfrog (D:6)
  2 scorpions (D:5)
  2 howler monkeys (D:4)
  A crimson imp (D:4)
  4 hounds
  An orc priest (D:4)
  3 jellies (D:6)
  An iguana (D:5)
  Crazy Yiuf (D:4)
  Jessica (D:1)
  Ijyb (D:5)
  3 orc wizards
  3 sleepcaps
  8 gnolls
  13 adders
  5 worms
  3 dart slugs
  14 orcs
  8 endoplasms
  4 giant cockroaches
  7 goblins
  2 hobgoblins
  10 kobolds
  3 quokkas
  5 ball pythons
  3 bats
  8 rats
128 creatures vanquished.

Notes
Turn   | Place    | Note
-------+----------+-------------------------------------------
     0 | D:1      | leafyfresh the Octopode Transmuter began the quest for the
                  | Orb.
     0 | D:1      | Reached XP level 1. HP: 13/13 MP: 3/3
    96 | D:1      | Found a faded altar of an unknown god.
   763 | D:2      | Reached XP level 2. HP: 12/18 MP: 5/5
   852 | D:2      | Noticed Sigmund
   852 | D:2      | Noticed Jessica
   862 | D:1      | Killed Jessica
   863 | D:1      | Reached skill level 3 in Transmutations
   863 | D:1      | Reached XP level 3. HP: 23/23 MP: 4/6
   868 | D:1      | Learned a level 3 spell: Spider Form
   878 | D:2      | Killed Sigmund
   879 | D:2      | Reached skill level 5 in Transmutations
   879 | D:2      | Reached XP level 4. HP: 28/28 MP: 2/7
   879 | D:2      | Reached XP level 5. HP: 33/33 MP: 2/8
  1149 | D:2      | Reached skill level 6 in Transmutations
  1424 | D:2      | Reached XP level 6. HP: 16/38 MP: 5/9
  1864 | D:3      | Found a shimmering blue altar of Sif Muna.
  2231 | D:3      | Found a white marble altar of Elyvilon.
  2272 | D:3      | Found a sacrificial altar of Ru.
  2345 | D:3      | Found a basalt altar of Yredelemnul.
  2551 | D:3      | Found an opulent altar of Gozag.
  2797 | D:4      | Found a snail-covered altar of Cheibriados.
  2975 | D:4      | Noticed Menkaure
  2984 | D:4      | Reached skill level 7 in Transmutations
  2998 | D:4      | Killed Menkaure
  2999 | D:4      | Reached XP level 7. HP: 8/43 MP: 8/10
  3557 | D:4      | Found an ornate altar of the Wu Jian Council.
  3649 | D:4      | Found a runed translucent door.
  3650 | D:4      | Noticed Crazy Yiuf
  3663 | D:4      | Killed Crazy Yiuf
  3664 | D:4      | Reached skill level 8 in Transmutations
  3795 | D:4      | Found a radiant altar of Vehumet.
  3801 | D:4      | Found a burning altar of Makhleb.
  4340 | D:5      | Entered Level 5 of the Dungeon
  4563 | D:5      | Noticed Ijyb
  4580 | D:5      | Killed Ijyb
  4708 | D:5      | Reached skill level 1 in Stealth
  4708 | D:5      | Reached XP level 8. HP: 28/49 MP: 7/11
  4987 | D:5      | Noticed Eustachio
  5010 | D:5      | Killed Eustachio
  5129 | D:5      | Found a shimmering altar of Xom.
  5290 | D:5      | Noticed Prince Ribbit
  5313 | D:5      | Killed Prince Ribbit
  5836 | D:6      | Found a glowing drain.
  5860 | Sewer    | Entered a sewer
  5944 | Sewer    | Reached skill level 5 in Stealth
  6849 | Sewer    | Reached XP level 9. HP: 49/58 MP: 12/12
  7766 | D:6      | Reached skill level 5 in Dodging
  8224 | D:6      | HP: 2/59 [something (5)]
  8474 | D:6      | Slain by an orc

Illustrated notes

Levels and vault maps discovered:
D:1:      ncdulo_watergridlock, layout_loops_ring,
          shapermc_ecumenical_altar_mp_urbaneastern, minmay_tree_intersection,
          nicolae_titane
D:2:      layout_basic, uniq_sigmund, uniq_jessica
D:3:      layout_basic, kennysheep_ying_yang, nicolae_overflow_crystal_walls,
          mainiacjoe_overflow_24_doors, mainiacjoe_overflow_brackets,
          nicolae_concentric_dashed_squares_wild, minmay_misc_feat_plants
D:4:      layout_loops_ring, grunt_temple_overflow_lords_of_destruction,
          marbit_many_paths, kennysheep_mini_moat, nicolae_hexahallways,
          uniq_crazy_yiuf_cottage, uniq_menkaure
D:5:      layout_loops_ring, general_overflow_altar, uniq_prince_ribbit1,
          uniq_ijyb, uniq_eustachio
D:6:      layout_cave_pools, tgw_trog, zin_angel, mainiacjoe_overflow_catwalk,
          ebering_ghost_disaster_area, cheibrodos_sewer_entry_drain,
          st_stairs_12, serial_park_tiny_pond

Skill      XL: |  1  2  3  4  5  6  7  8  9 |
---------------+----------------------------+-----
Transmutations | 3 5 6 7 8 |  8.8
Stealth        | 1 5 6 |  6.8
Fighting       | 4 |  4.8
Dodging        | 4 5 |  5.2
Unarmed Combat | |  3.0
Spellcasting   | |  2.0

Action                     |  1- 3 |  4- 6 |  7- 9 || total
---------------------------+-------+-------+-------++-------
  Melee: Dagger            |    24 |    37 |    69 ||   130
         Tentacles         |     5 |     8 |    23 ||    36
         Constrict         |     5 |     8 |    21 ||    34
         Unarmed           |     8 |    84 |   283 ||   375
         Kick              |     4 |     5 |    35 ||    44
         Punch             |       |     1 |     3 ||     4
         Quarterstaff      |       |       |    19 ||    19
   Cast: Beastly Appendage |     3 |     1 |     9 ||    13
         Spider Form       |     1 |    16 |    33 ||    50
    Use: Scroll            |       |     1 |     1 ||     2
         Potion            |       |     1 |       ||     1
   Stab: Sleeping          |     4 |     2 |     4 ||    10
 Armour: Skin              |     3 |    12 |    23 ||    38
  Dodge: Dodged            |    18 |    70 |   284 ||   372
